 Dungeon Crawl Stone Soup version 0.13.2 (webtiles) character file.

262 sanboga the Shield-Bearer (level 5, 0/46 HPs)
             Began as a Minotaur Fighter on Feb 17, 2017.
             Was an Initiate of Okawaru.
             Slain by Crazy Yiuf
             ... wielding a +4,+2 quarterstaff of chaos
              (1 damage)
             ... on Level 3 of the Dungeon.
             The game lasted 00:17:02 (2091 turns).

sanboga the Shield-Bearer (Minotaur Fighter)        Turns: 2091, Time: 00:17:02

HP   0/46        AC  7     Str 20      XL: 5   Next: 29%
MP   1/1         EV  7     Int  5      God: Okawaru [......]
Gold 87          SH 20     Dex 11      Spells:  0 memorised,  4 levels left

Res.Fire  : . . .   See Invis. : .   g - +3,+1 elf whip (flame)
Res.Cold  : . . .   Warding    : .   b - +0 scale mail
Life Prot.: . . .   Conserve   : .   m - +0 elf shield
Res.Poison: .       Res.Corr.  : .   (helmet restricted)
Res.Elec. : .       Clarity    : .   (no cloak)
Sust.Abil.: . .     Spirit.Shd : .   (no gloves)
Res.Mut.  : .       Stasis     : .   (no boots)
Res.Rott. : .       Flight     : .   n - amulet of rage
Saprovore : . . .                    (no ring)
                                     (no ring)

@: slightly resistant to hostile enchantments, extremely unstealthy
A: retaliatory headbutt, horns 2
a: Renounce Religion, Evoke Berserk Rage


You were on level 3 of the Dungeon.
You worshipped Okawaru.
Okawaru was noncommittal.
You were not hungry.

You visited 1 branch of the dungeon, and saw 3 of its levels.

You collected 67 gold pieces.

Inventory:

Hand weapons
 e - a +1,+0 orcish hand axe of returning (quivered)
 g - a +3,+1 elven whip of flaming (weapon)
 l - a +3,+1 elven short sword of protection
Armour
 b - a +0 scale mail (worn)
 m - a +0 elven shield (worn)
Comestibles
 a - a pear
 d - 2 bread rations
Scrolls
 h - 2 scrolls of identify
 j - a scroll of fear
Jewellery
 n - an amulet of rage (around neck)
Potions
 c - a potion of flight {unknown}
 i - a potion of curing


   Skills:
 + Level 4.3 Fighting
 + Level 0.4 Short Blades
 + Level 2.8 Axes
 + Level 1.3 Maces & Flails
 + Level 4.6 Armour
 + Level 2.0 Dodging
 + Level 0.1 Stealth
 + Level 5.1 Shields


You had 4 spell levels left.
You didn't know any spells.

Dungeon Overview and Level Annotations

Branches:
Dungeon (3/27)

Altars:
Okawaru

Annotations:
D:3 Crazy Yiuf


Innate Abilities, Weirdness & Mutations

You reflexively headbutt those who attack you in melee.
You have a pair of horns on your head.


Message History

Crazy Yiuf waves his quarterstaff at you.
You hit Crazy Yiuf. You burn Crazy Yiuf.
Crazy Yiuf is moderately wounded.
Crazy Yiuf hits you with a quarterstaff of chaos!
Crazy Yiuf burns you!
You closely miss Crazy Yiuf. Your headbutt misses Crazy Yiuf.
Crazy Yiuf is moderately wounded.
Crazy Yiuf screams, "Dawk high blue!"
Crazy Yiuf hits you with a quarterstaff of chaos.
Crazy Yiuf freezes you.
You hit Crazy Yiuf. You burn Crazy Yiuf.
Crazy Yiuf is heavily wounded.
Crazy Yiuf hits you with a quarterstaff of chaos!
* * * LOW HITPOINT WARNING * * *
You hit Crazy Yiuf. You burn Crazy Yiuf.
Crazy Yiuf is heavily wounded.
Crazy Yiuf hits you with a quarterstaff of chaos!
* * * LOW HITPOINT WARNING * * *
Crazy Yiuf freezes you.
You die...

####'### #####
#......# +.....##
#.....# #.....# ♣♣
#.....##♣♣♣♣ ##
#.......♣♣♣♣♣♣♣#..)
#.........♣♣♣♣.....
#####..@g..♣..♣#
##....♣.♣♣♣
###♣♣♣♣♣♣ #♣♣♣♣♣♣


You could see Crazy Yiuf.

Vanquished Creatures
  An orc wizard (D:3)
  An orc priest (D:3)
  4 adders
  3 worms (D:2)
  3 giant geckos
  An ooze (D:1)
  3 orcs (D:3)
  A ball python (D:2)
  7 bats
  2 hobgoblins
  4 jackals (D:2)
  8 kobolds
  5 giant cockroaches
  4 giant newts
  9 goblins
  8 rats
64 creatures vanquished.

Notes
Turn   | Place    | Note
--------------------------------------------------------------
     0 | D:1      | sanboga, the Minotaur Fighter, began the quest for the Orb.
     0 | D:1      | Reached XP level 1. HP: 19/19 MP: 0/0
   136 | D:1      | Reached XP level 2. HP: 23/26 MP: 0/0
   251 | D:1      | Reached skill level 4 in Shields
   699 | D:2      | Found an iron altar of Okawaru.
   721 | D:2      | Became a worshipper of Warmaster Okawaru
   771 | D:2      | Reached XP level 3. HP: 33/33 MP: 1/1
  1421 | D:2      | Reached XP level 4. HP: 40/40 MP: 1/1
  1824 | D:3      | Reached skill level 1 in Dodging
  1824 | D:3      | Reached skill level 5 in Shields
  1826 | D:3      | Reached skill level 1 in Maces & Flails
  1826 | D:3      | Reached XP level 5. HP: 31/46 MP: 1/1
  2078 | D:3      | Noticed Crazy Yiuf
  2091 | D:3      | HP: 1/46 [Crazy Yiuf/quarterstaff of chaos (12)]
  2091 | D:3      | Slain by Crazy Yiuf

Action                   |  1- 3 |  4- 6 || total
-------------------------+-------+-------++-------
Melee: Hand axe          |    20 |       ||    20
       Whip              |    21 |    49 ||    70
       Short sword       |    47 |     8 ||    55
  Use: Scroll            |       |     5 ||     5
       Potion            |       |     2 ||     2
